 Dungeon Crawl Stone Soup version 0.31-a0-1370-gf52a5a9ab3 (webtiles) character file.

Game seed: 7840446136597997175

16 Akett the Caller (level 2, -1/22 HPs)
             Began as a Naga Summoner on Dec 24, 2023.
             Killed from afar by a dart slug (2 damage)
             ... with a slug dart
             ... on level 1 of the Dungeon.
             The game lasted 00:01:47 (314 turns).

Akett the Caller (Naga Summoner)                     Turns: 314, Time: 00:01:48

Health: -1/22      AC:  1    Str: 10    XL:     2   Next: 58%
Magic:  4/5        EV:  9    Int: 15    God:
Gold:   60         SH:  0    Dex: 11    Spells: 4/5 levels left

rFire   . . .        a - +0 spear
rCold   . . .        (no shield)
rNeg    . . .        c - +0 robe
rPois   +            (no helmet)
rElec   .            (no cloak)
rCorr   .            (no gloves)
SInv    +            (no barding)
Will    .....        (no amulet)
Stlth   ++           (no ring)
HPRegen 0.23/turn    (no ring)
MPRegen 0.09/turn

%: no passive effects
@: very slow
A: AC +0, large, see invisible, deformed body, poison resistance, slowness 2,
spit poison 1, naga tail 1
a: Spit Poison


You were on level 1 of the Dungeon.
You visited 1 branch of the dungeon, and saw 1 of its levels.

You collected 60 gold pieces.

Inventory:

Hand Weapons
 a - a +0 spear (weapon)
Armour
 c - a +0 robe (worn)
Potions
 b - a potion of magic


   Skills:
 + Level 0.3 Polearms
 - Level 1.5 Dodging
 - Level 3.0 Stealth
 - Level 2.0 Spellcasting
 * Level 4.6 Summonings


You had 4 spell levels left.
You knew the following spells:

 Your Spells              Type           Power      Damage    Failure   Level
a - Summon Small Mammal   Summ           60%        N/A       3%          1

Your spell library contained the following spells:

 Spells                   Type           Power      Damage    Failure   Level
 Call Imp                 Summ           30%        N/A       4%          2
 Call Canine Familiar     Summ           15%        N/A       10%         3
 Summon Guardian Golem    Hex/Summ       8%         N/A       26%         3
 Summon Lightning Spire   Summ/Air       8%         N/A       65%         4


Dungeon Overview and Level Annotations

Branches:
Dungeon (1/15)

Altars:

Shops:
D:1 ?


Innate Abilities, Weirdness & Mutations

Your serpentine skin is tough. (AC +0)
You have supernaturally acute eyesight. (SInv)
Armour fits poorly on your strangely shaped body.
Your system is resistant to poisons. (rPois)
You cover ground very slowly.
You can spit poison.
You have a snake-like lower body.


Message History

You hit the bat.
The bat is moderately wounded.
The bat hits you but does no damage. The bat closely misses you.
The rat bites you.
You hit the rat.
The rat is severely wounded.
The bat hits you but does no damage. The rat barely misses you.
You barely miss the rat.
The rat is severely wounded.
The bat barely misses you. The rat barely misses you.
A dart slug comes into view.
You closely miss the rat.
The rat is severely wounded.
The bat hits you. The rat bites you.
You hit the rat but do no damage.
The rat is severely wounded.
The bat hits you but does no damage. The rat bites you.
The bat closely misses you. The dart slug launches a dart at you.
The slug dart hits you. The bat hits you but does no damage.
The rat barely misses you.
Casting: Summon Small Mammal (safe; 3% risk of failure)
Confirm with . or Enter, or press ? or * to list all spells.
The bat hits you. The rat bites you.
* * * LOW HITPOINT WARNING * * *
Found a scroll labelled RATZOA FOOHYD.
A rat comes into view.
The rat bites you.
* * * LOW HITPOINT WARNING * * *
The bat barely misses you.
Okay, then.
Unknown command.
Casting: Summon Small Mammal (safe; 3% risk of failure)
Confirm with . or Enter, or press ? or * to list all spells.
You don't know that spell.
The bat closely misses you. The rat bites you.
* * * LOW HITPOINT WARNING * * *
The dart slug launches a dart at you. The slug dart hits you.
You die...

# ## ######### ##### ..
#. ##.......# #...# ...#.
......!..###...# .....
....w...@r.....# .....
..##.w.r......# #...
.......b.......# #...
...........)...#######...
........................
...........#.#........#.#
?##...$#####..........#..
..#.. ....##.#.....##..
##r#.......##.#.##..###.


You could see 2 dart slugs, a bat, a rat (ally target) and a friendly rat
(summoned).

Vanquished Creatures
  5 endoplasms (D:1)
  A goblin (D:1)
  A hobgoblin (D:1)
  A kobold (D:1)
  A quokka (D:1)
  A bat (D:1)
  A rat (D:1)
11 creatures vanquished.

Vanquished Creatures (collateral kills)
  An endoplasm (D:1)
  A giant cockroach (D:1)
2 creatures vanquished.

Grand Total: 13 creatures vanquished

Notes
Turn   | Place    | Note
-------+----------+-------------------------------------------
     0 | D:1      | Akett the Naga Summoner began the quest for the Orb.
     0 | D:1      | Reached XP level 1. HP: 15/15 MP: 3/3
    20 | D:1      | Found Contiar's Magic Scroll Emporium.
    92 | D:1      | Reached XP level 2. HP: 12/22 MP: 3/5
   314 | D:1      | HP: 1/22 [rat (1)]
   314 | D:1      | Killed from afar by a dart slug

Illustrated notes

Levels and vault maps discovered:
D:1:      ldierk_walled_garden_2, layout_basic, serial_shops,
          nicolae_shop_rolling_square

Action                     || total
---------------------------++-------
  Melee: Unarmed           ||    20
         Spear             ||    15
   Cast: Summon Small Mamm ||     4
Ability: Spit Poison       ||     9
    Use: Scroll            ||     2
 Armour: Robe              ||    33
  Dodge: Dodged            ||    19

Table legend: (Time is in decaauts)
 A = Elapsed time spent in this place.
 B = Non-inter-level travel time spent in this place.
 C = Inter-level travel time spent in this place.
 D = Time resting spent in this place.
 E = Time spent auto-exploring this place.
 F = Levels seen in this place.
 G = Mean time per level.
                   A        B        C        D        E       F      G
               +--------+--------+--------+--------+--------+-----+--------+
         Total |    384 |    384 |      0 |     71 |    167 |   1 |  384.0 |
       Dungeon |    384 |    384 |      0 |     71 |    167 |   1 |  384.0 |
               +--------+--------+--------+--------+--------+-----+--------+

Top non-repeatable levels by time:
     D:1: 384 daAuts
